 Dungeon Crawl Stone Soup version 0.22-a0-362-g535178c (webtiles) character file.

5130 Amnesiac the Reanimator (level 10, -1/65 HPs)
             Began as a Mummy Necromancer on Apr 19, 2018.
             Was a High Priest of Sif Muna.
             Slain by a troll (13 damage)
             ... on level 9 of the Dungeon.
             The game lasted 00:17:54 (8668 turns).

Amnesiac the Reanimator (Mummy Necromancer)         Turns: 8668, Time: 00:17:55

Health: -1/65      AC: 12    Str: 12      XL:     10   Next: 33%
Magic:  15/24      EV: 11    Int: 18      God:    Sif Muna [*****.]
Gold:   535        SH:  0    Dex:  8 (12) Spells: 25/29 levels left

rFire    . . .     SeeInvis .   b - +0 great mace (protect)
rCold    + . .     Gourm    .   (shield currently unavailable)
rNeg     + + +     Faith    .   B - +0 troll leather armour
rPois    ∞         Spirit   .   w - +0 helmet
rElec    .         Reflect  .   u - +1 cloak
rCorr    .         Harm     +   l - +0 pair of gloves
MR       +....                  (no boots)
Stlth    +.........             s - amulet of harm
HPRegen  0.60/turn              m - +4 ring of protection
MPRegen  0.19/turn              n - ring of protection from fire

@: divine energy
A: no food or potions, fire vulnerability, cold resistance 1, negative energy
resistance 3, torment resistance, unbreathing
a: Stop Divine Energy, Channel Magic, Forget Spell, Renounce Religion


You were on level 9 of the Dungeon.
You worshipped Sif Muna.
Sif Muna was extremely pleased with you.
You were not hungry.

You visited 1 branch of the dungeon, and saw 9 of its levels.

You collected 563 gold pieces.
You spent 28 gold pieces at shops.

Inventory:

Hand Weapons
 a - a +0 hunting sling
 b - a +0 great mace of protection (weapon)
 p - a +1 dagger of freezing
Missiles
 d - 235 stones (quivered)
 k - 4 javelins of penetration
 A - 25 sling bullets
Armour
 l - a +0 pair of gloves (worn)
 o - a scarf of repulsion
 u - a +1 cloak (worn)
 w - a +0 helmet (worn)
 x - a +0 shield
 B - a +0 troll leather armour (worn)
Jewellery
 c - an uncursed amulet of guardian spirit
 m - a +4 ring of protection (left hand)
 n - a ring of protection from fire (right hand)
 s - an amulet of harm (around neck)
 v - an uncursed amulet of faith {unknown}
Wands
 g - a wand of random effects (21)
Scrolls
 e - 4 scrolls of enchant armour {!r}
 f - a scroll of identify {!r}
 h - 4 scrolls of remove curse {!r}
 i - 3 scrolls of magic mapping {!r}
 j - a scroll of immolation {!r}
 q - 3 scrolls of blinking {!r}
 r - a scroll of amnesia {!r}
 t - 3 scrolls of teleportation {!r}


   Skills:
 - Level 1.0 Fighting
 - Level 2.2 Dodging
 - Level 1.5 Stealth
 - Level 10.1 Spellcasting
 - Level 12.0 Necromancy
 + Level 4.7 Invocations


You had 25 spell levels left.
You knew the following spells:

 Your Spells              Type           Power        Failure   Level  Hunger
a - Pain                  Necr           ####         1%          1    N/A
d - Vampiric Draining     Necr           ######....   1%          3    N/A

Dungeon Overview and Level Annotations

Branches:
Dungeon (9/15)             Temple (0/1) D:6
   Lair: D:8-11         Orc: D:9-12

Altars:
Ashenzari
Cheibriados
Dithmenos
Ru
Sif Muna
Trog
Xom
Zin
The Shining One

Shops:
D:8 *

Annotations:
D:8 p0werm0de's ghost, novice DDFi


Innate Abilities, Weirdness & Mutations

You do not eat or drink.
Your flesh is vulnerable to fire.
You are immune to poison.
Your flesh is cold resistant. (rC+)
You are immune to negative energy. (rN+++)
You are immune to unholy pain and torment.
You can survive without breathing.


Message History

Items here: )) [[ a dagger; a robe; a dire flail; a robe
There is a stone staircase leading down here.
You start resting.
HP restored.
You start resting.
HP restored.
You climb downwards.
There is a stone staircase leading up here.
You hit the wight.
Your weapon exudes an aura of protection.
The wight is lightly damaged.
The wight hits you but does no damage. The wight closely misses you.
You closely miss the wight.
The wight is lightly damaged.
The wight closely misses you.
You sock the wight!
You destroy the wight!
Sif Muna accepts your kill.
No target in view!
No target in view!
No target in view!
Things that are here:
a battleaxe of freezing; a robe You open the door.
A troll comes into view.
The troll shouts!
A troll is nearby!
A troll is nearby!
You barely miss the troll. The troll bites you!
The troll completely misses you. The troll claws you but does no damage.
You closely miss the troll. The troll bites you! The troll barely misses you.
The troll closely misses you. The troll bites you. The troll claws you.
* * * LOW HITPOINT WARNING * * *
The troll closely misses you.
Casting: Pain (safe; 1% risk of failure)
Confirm with . or Enter, or press ? or * to list all spells.
Aiming: Vampiric Draining (safe; 1% risk of failure)
Press: ? - help, Shift-Dir - straight line, f - troll
Aim: a troll The troll is heavily wounded.
You feel life coursing into your body. The troll bites you.
The troll claws you but does no damage. The troll claws you.
* * * LOW HITPOINT WARNING * * *
Casting: Vampiric Draining (safe; 1% risk of failure)
Confirm with . or Enter, or press ? or * to list all spells.
Aiming: Vampiric Draining (safe; 1% risk of failure)
Press: ? - help, Shift-Dir - straight line, f/p - troll
Aim: a troll (heavily wounded)
The troll is severely wounded.
You feel life coursing into your body. The troll bites you.
* * * LOW HITPOINT WARNING * * *
The troll claws you.
* * * LOW HITPOINT WARNING * * *
The troll claws you!
* * * LOW HITPOINT WARNING * * *
Casting: Vampiric Draining (safe; 1% risk of failure)
Confirm with . or Enter, or press ? or * to list all spells.
Aiming: Vampiric Draining (safe; 1% risk of failure)
Press: ? - help, Shift-Dir - straight line, f/p - troll
Aim: a troll (severely wounded)
The troll is almost dead.
You feel life coursing into your body. The troll bites you!
You die...

###........#
............#
.............#
.########....#
#.. #....# #..
#<...# . #..
#)...#
....##T#####....#
.......@........#
###.............#
#.............#
#..########...#
#.. #.[.# #.
#...# # #...#
########...######
................#


You could see a troll.

Vanquished Creatures
  Pikel (D:5)
  A troll (D:9)
  A hippogriff (D:5)
  Sigmund (D:4)
  Edmund (D:4)
  2 hungry ghosts
  2 orc warriors
  2 sky beasts
  A slave (D:5)
  3 ice beasts
  A black bear (D:8)
  A phantom (D:4)
  2 ogres
  A necrophage (D:8)
  2 centaurs (D:8)
  A crocodile (D:9)
  A wyvern skeleton (D:8)
  6 killer bees (D:7)
  3 scorpions
  4 wights
  An electric eel (D:6)
  A howler monkey (D:8)
  9 crimson imps
  3 bullfrog zombies
  2 centaur zombies
  4 jellies
  4 orc priests
  Crazy Yiuf (D:4)
  5 hounds
  5 iguanas
  6 orc wizards
  5 worker ants
  2 hound skeletons
  2 worker ant zombies
  9 gnolls
  2 howler monkey skeletons
  8 adders
  A shadow imp (D:8)
  10 oozes
  2 adder skeletons
  3 worms
  3 dart slugs (D:1)
  9 leopard geckos
  28 orcs
  5 ball pythons
  7 bats
  6 giant cockroaches
  9 goblins
  12 hobgoblins
  6 jackals
  5 quokkas
  8 frilled lizards
  A jackal skeleton (D:8)
  16 kobolds
  A leopard gecko zombie (D:9)
  4 rats (D:1)
242 creatures vanquished.

Vanquished Creatures (collateral kills)
  A quasit (D:9)
1 creature vanquished.

Vanquished Creatures (others)
  A slave (D:5)
  A wight (D:4)
  A plant (D:9)
  8 toadstools (D:3)
  3 withered plants (D:9)
14 creatures vanquished.

Grand Total: 257 creatures vanquished

Notes
Turn   | Place    | Note
-------+----------+-------------------------------------------
     0 | D:1      | Amnesiac the Mummy Necromancer began the quest for the Orb.
     0 | D:1      | Reached XP level 1. HP: 13/13 MP: 4/4
    98 | D:1      | Reached XP level 2. HP: 10/20 MP: 0/5
   634 | D:2      | Reached skill level 1 in Fighting
   670 | D:2      | Noticed a sky beast
   705 | D:3      | Reached XP level 3. HP: 26/26 MP: 3/7
   710 | D:3      | Learned a level 3 spell: Vampiric Draining
   714 | D:3      | Found a deep blue altar of Sif Muna.
   722 | D:3      | Became a worshipper of Sif Muna the Loreminder
  1614 | D:2      | Reached XP level 4. HP: 26/32 MP: 1/9
  2089 | D:2      | Killed a sky beast
  2089 | D:2      | Reached * piety under Sif Muna
  2089 | D:2      | Reached skill level 5 in Necromancy
  2089 | D:2      | Reached XP level 5. HP: 31/37 MP: 1/11
  2115 | D:2      | Found a bloodstained altar of Trog.
  2117 | D:2      | Found a glowing golden altar of the Shining One.
  2776 | D:3      | Found a sacrificial altar of Ru.
  2908 | D:3      | Reached skill level 6 in Necromancy
  2932 | D:3      | Reached XP level 6. HP: 38/43 MP: 10/12
  3147 | D:4      | Reached skill level 5 in Spellcasting
  3179 | D:4      | Noticed Sigmund
  3193 | D:4      | Killed Sigmund
  3193 | D:4      | Reached skill level 7 in Necromancy
  3193 | D:4      | Reached XP level 7. HP: 37/48 MP: 3/15
  3242 | D:4      | Noticed Edmund
  3290 | D:4      | Killed Edmund
  3290 | D:4      | Reached ** piety under Sif Muna
  3424 | D:4      | Found a glowing silver altar of Zin.
  3428 | D:4      | Noticed an angel
  3430 | D:4      | Found a shimmering altar of Xom.
  3773 | D:4      | Reached skill level 8 in Necromancy
  4066 | D:4      | Found a runed door.
  4070 | D:4      | Noticed Crazy Yiuf
  4088 | D:4      | Killed Crazy Yiuf
  4143 | D:5      | Entered Level 5 of the Dungeon
  4169 | D:5      | Noticed Pikel
  4243 | D:5      | Killed Pikel
  4243 | D:5      | Reached *** piety under Sif Muna
  4243 | D:5      | Reached skill level 9 in Necromancy
  4243 | D:5      | Reached XP level 8. HP: 41/54 MP: 10/19
  4549 | D:5      | Found a shattered altar of Ashenzari.
  4625 | D:5      | Noticed a hippogriff
  4636 | D:5      | Killed a hippogriff
  4636 | D:5      | Reached skill level 10 in Necromancy
  5087 | D:6      | Reached XP level 9. HP: 49/59 MP: 21/21
  5190 | D:6      | Found a staircase to the Ecumenical Temple.
  5306 | D:6      | Reached **** piety under Sif Muna
  6187 | D:7      | Reached skill level 11 in Necromancy
  6327 | D:7      | Found a snail-covered altar of Cheibriados.
  6583 | D:7      | Found a shadowy altar of Dithmenos.
  6961 | D:8      | Noticed p0werm0de's ghost (novice DDFi)
  7078 | D:8      | Reached ***** piety under Sif Muna
  7321 | D:8      | Reached skill level 10 in Spellcasting
  7336 | D:8      | Found Ecympol's Assorted Antiques.
  7373 | D:8      | Received a gift from Sif Muna
  7411 | D:8      | Reached skill level 12 in Necromancy
  7421 | D:8      | Reached XP level 10. HP: 55/65 MP: 22/24
  7484 | D:8      | Bought a scroll labeled URAMIL SAUSIM for 28 gold pieces
  7556 | D:8      | Reached skill level 1 in Invocations
  8668 | D:9      | Slain by a troll

Vault maps used:
D:1:      minmay_arrival_checkered_box, corner_web_ring, supply_closet_lemuel,
          minmay_tree_intersection
D:2:      nicolae_overflow_hidden_temple, serial_bayou_pond_c
D:3:      cheibrodos_fertilizer, lemuel_round_altar,
          nicolae_ru_the_path_less_chosen
D:4:      grunt_temple_overflow_order_and_chaos_1, first_ration,
          grunt_decor_arrowhead, sigmund_edmund_badplayer,
          uniq_crazy_yiuf_cottage, uniq_edmund
D:5:      evilmike_ruin_ashenzari, uniq_pikel
D:6:      temple_green, minivault_14
D:7:      old_standard_altar, nicolae_overflow_crystal_walls
D:8:      minmay_four_partial_circles, serial_shops, shop_fountains
D:9:      grunt_temple_overflow_growth_and_decay, grunt_temple_overflow_open

Skill      XL: |  1  2  3  4  5  6  7  8  9 10 |
---------------+-------------------------------+-----
Dodging        | 2 |  2.2
Spellcasting   | 3 4 5 7 8 10 | 10.1
Fighting       | 1 |  1.0
Necromancy     | 5 6 7 9 10 12 | 12.0
Invocations    | 4 |  4.7
Stealth        | |  1.5

Action                   |  1- 3 |  4- 6 |  7- 9 | 10-12 || total
-------------------------+-------+-------+-------+-------++-------
Melee: Unarmed           |     4 |       |       |       ||     4
       Trident           |     8 |       |       |       ||     8
       Dagger            |       |       |    12 |       ||    12
       Quarterstaff      |       |       |     5 |       ||     5
       Great mace        |       |       |     8 |   195 ||   203
       Hunting sling     |       |       |     1 |       ||     1
 Fire: Hunting sling     |    13 |   202 |   708 |    28 ||   951
Throw: Stone             |     1 |       |       |       ||     1
 Cast: Pain              |    76 |     9 |    19 |    19 ||   123
       Vampiric Draining |     2 |     6 |    69 |    22 ||    99
Invok: Divine Energy     |       |     1 |       |       ||     1
Evoke: Wand              |       |       |     2 |     3 ||     5
  Use: Scroll            |       |       |    10 |     4 ||    14
 Stab: Sleeping          |     1 |       |       |       ||     1
Armor: Robe              |    11 |    45 |   236 |   159 ||   451
       Troll leather arm |       |       |       |    96 ||    96
Dodge: Dodged            |    36 |    99 |   359 |   323 ||   817

Table legend:
 A = Spawn XP
 B = Non-spawn XP
 C = Spawn XP percentage of total XP
 D = Spawn monster count
 E = Non-spawn monster count
 F = Spawn count percentage of total count
 G = Total turns spent on level
                    A         B        C        D         E        F      G
               +---------+---------+-------+---------+---------+-------+---------
         Total |       0 |    7329 |   0.0 |       0 |     242 |   0.0 |  8668
               +---------+---------+-------+---------+---------+-------+---------
           D:1 |       0 |      62 |   0.0 |       0 |      29 |   0.0 |  1128
           D:2 |       0 |     180 |   0.0 |       0 |      22 |   0.0 |   957
           D:3 |       0 |     250 |   0.0 |       0 |      42 |   0.0 |  1012
           D:4 |       0 |     905 |   0.0 |       0 |      25 |   0.0 |  1046
           D:5 |       0 |    1303 |   0.0 |       0 |      21 |   0.0 |   797
           D:6 |       0 |     584 |   0.0 |       0 |      17 |   0.0 |  1019
           D:7 |       0 |    1460 |   0.0 |       0 |      34 |   0.0 |  1019
           D:8 |       0 |    1912 |   0.0 |       0 |      36 |   0.0 |   993
           D:9 |       0 |     673 |   0.0 |       0 |      16 |   0.0 |   697
               +---------+---------+-------+---------+---------+-------+---------
